 Dungeon Crawl Stone Soup version 0.31-a0-640-g39d97e502b (webtiles) character file.

Game seed: 13862361950439001326

2362533 Angani the Shapeless Draconian (level 27, 354/354 HPs)
             Began as a Grey Draconian Shapeshifter on Aug 14, 2023.
             Was the Champion of Cheibriados.
             Escaped with the Orb
             ... and 4 runes on Aug 29, 2023!
             The game lasted 02:49:04 (69837 turns).

Angani the Shapeless Draconian (DrSh)              Turns: 69837, Time: 02:49:05

Health: 354/354    AC: 38    Str: 48    XL:     27
Magic:  30/30      EV: 32    Int: 20    God:    Cheibriados [******]
Gold:   1475       SH:  0    Dex: 35    Spells: 26/26 levels left

rFire   + +          +
                       - Unarmed
rCold   + + +        (no shield)
rNeg    + . .        (body armour unavailable)
rPois   ∞            (helmet restricted)
rElec   +            g - scarf {rC+ rF+}
rCorr   .            n - melded +0 pair of gloves
SInv    +            V - melded +0 pair of boots
Will    ++...        j - amulet "Taot Zil" {Faith rF+ Int-4 Dex+6}
Stlth   ++           Z - ring of Vievimya {rPois Slay+3 SInv}
HPRegen 0.79/turn    I - ring of the Ten Youths {rF+ rC++ Str+4 Slay+2}
MPRegen 0.22/turn

%: faith
@: statue-form, studying 3 skills, very slow
A: slow and powerful, torment resistance 1, boosted hp, AC +18, amphibious,
unfitting armour, cold-blooded, deterioration 1, screaming 1, no potion heal 2,
MP-powered wands
0: Orb of Zot
}: 4/15 runes: decaying, slimy, silver, gossamer
a: Begin Untransformation, Renounce Religion, Bend Time, Temporal Distortion,
Slouch, Step From Time


You escaped.
You worshipped Cheibriados.
Cheibriados was exalted by your worship.
You were a living statue of rough stone.
You visited 12 branches of the dungeon, and saw 56 of its levels.
You visited the Abyss 1 time.
You also visited: Bailey, Gauntlet, Ice Cave and Desolation.

You collected 7948 gold pieces.
You spent 6473 gold pieces at shops.

Inventory:

Missiles
 o - 2 silver javelins
 t - 25 curare-tipped darts (quivered)
 Q - 2 throwing nets
Armour
 g - a scarf of resistance (worn)
 n - a +0 pair of gloves (melded)
 V - a +0 pair of boots (melded)
Jewellery
 e - the ring of Duq Vich {Int-3 Dex+2 Slay+4 Stlth+}
   (You took it off a vault warden on level 5 of the Vaults)

   [ring of slaying]

   Int-3:     It affects your intelligence (-3).
   Dex+2:     It affects your dexterity (+2).
   Slay+4:    It affects your accuracy & damage with ranged weapons and melee
   (+4).
   Stlth+:    It makes you more stealthy.
 j - the amulet "Taot Zil" (around neck) {Faith rF+ Int-4 Dex+6}
   (You found it in a bailey)

   [amulet of faith]

   Faith:     It allows you to gain divine favour quickly.
   Int-4:     It affects your intelligence (-4).
   Dex+6:     It affects your dexterity (+6).
   rF+:       It protects you from fire.
 I - the ring of the Ten Youths (right fist) {rF+ rC++ Str+4 Slay+2}
   (You found it on level 2 of the Depths)

   [ring of protection from fire]

   Str+4:     It affects your strength (+4).
   Slay+2:    It affects your accuracy & damage with ranged weapons and melee
   (+2).
   rF+:       It protects you from fire.
   rC++:      It greatly protects you from cold.
 O - the ring "Jedaemn" {Ice rElec Str+4}
   (You found it on level 3 of the Depths)

   [ring of ice]

   Ice:       It enhances your ice magic.
   Str+4:     It affects your strength (+4).
   rF-:       It makes you vulnerable to fire.
   rC+:       It protects you from cold.
   rElec:     It insulates you from electricity.
 Y - the ring of Xoucec {Will+ Str+6}
   (You found it in the Desolation of Salt)

   [ring of willpower]

   Str+6:     It affects your strength (+6).
   Will+:     It increases your willpower.
 Z - the ring of Vievimya (left fist) {rPois Slay+3 SInv}
   (You found it in a Gauntlet)

   [ring of see invisible]

   Slay+3:    It affects your accuracy & damage with ranged weapons and melee
   (+3).
   rPois:     It protects you from poison SInv: It lets you see invisible.
Talismans
 a - a granite talisman (active)
 s - a talisman of death
 L - a storm talisman
Wands
 q - a wand of paralysis (76)
 v - a wand of roots (86)
 z - a wand of digging (41)
 G - a wand of quicksilver (36)
 K - a wand of mindburst (52)
Scrolls
 b - 3 scrolls of torment
 h - 4 scrolls of amnesia
 k - 9 scrolls of fear
 m - 2 scrolls of silence
 r - 12 scrolls of vulnerability
 x - 7 scrolls of revelation
 y - 27 scrolls of teleportation
 A - 4 scrolls of immolation
 B - 12 scrolls of poison
 E - 2 scrolls of enchant weapon
 M - 8 scrolls of enchant armour
 S - 3 scrolls of fog
Potions
 c - 5 potions of resistance
 d - 27 potions of curing
 i - 2 potions of enlightenment
 l - 5 potions of invisibility
 w - 12 potions of lignification
 C - 10 potions of might
 D - 13 potions of brilliance
 F - 13 potions of heal wounds
 H - 5 potions of cancellation
 N - 8 potions of ambrosia
 P - 2 potions of magic
 R - 11 potions of attraction
 X - 4 potions of berserk rage
Miscellaneous
 p - a tin of tremorstones (2/2)
 u - a sack of spiders
 T - a phial of floods
 U - a phantom mirror


   Skills:
 O Level 27 Fighting
 + Level 14.8 Dodging
 - Level 10.0 Stealth
 O Level 27 Unarmed Combat
 - Level 10.6 Invocations
 O Level 27 Shapeshifting


You had 26 spell levels left.
You didn't know any spells.
Your spell library contained the following spells:

 Spells                   Type           Power      Damage    Failure   Level
 Apportation              Tloc           0%         N/A       19%         1
 Foxfire                  Conj/Fire      0%         2x1d4     19%         1
 Freeze                   Ice            0%         1d3       19%         1
 Kiss of Death            Conj/Necr      0%         2d5       19%         1
 Magic Dart               Conj           0%         1d3       19%         1
 Necrotise                Necr           0%         1d4       19%         1
 Shock                    Conj/Air       0%         1d3       19%         1
 Sting                    Tmut/Pois      0%         1d3       19%         1
 Summon Small Mammal      Summ           0%         N/A       19%         1
 Blink                    Tloc           0%         N/A       28%         2
 Cigotuvi's Dreadful Rot  Necr/Pois/Air  0%         N/A       28%         2
 Ensorcelled Hibernation  Hex/Ice        0%         N/A       28%         2
 Lesser Beckoning         Tloc           0%         N/A       28%         2
 Momentum Strike          Conj/Tloc      0%         3d8       28%         2
 Passwall                 Tmut/Erth      0%         N/A       28%         2
 Poisonous Vapours        Pois/Air       0%         N/A       28%         2
 Searing Ray              Conj           0%         2d4       28%         2
 Wereblood                Tmut           0%         N/A       28%         2
 Call Canine Familiar     Summ           0%         N/A       50%         3
 Confusing Touch          Hex            0%         N/A       50%         3
 Dazzling Flash           Conj/Hex       0%         N/A       50%         3
 Frozen Ramparts          Ice            0%         1d1       50%         3
 Gell's Gravitas          Tloc           0%         N/A       50%         3
 Hailstorm                Conj/Ice       0%         3d3       50%         3
 Ignite Poison            Fire/Tmut/Pois 0%         N/A       50%         3
 Inner Flame              Hex/Fire       0%         N/A       50%         3
 Ozocubu's Armour         Ice            0%         N/A       50%         3
 Portal Projectile        Hex/Tloc       0%         N/A       50%         3
 Stone Arrow              Conj/Erth      0%         3d7       50%         3
 Summon Guardian Golem    Hex/Summ       0%         N/A       50%         3
 Swiftness                Air            0%         N/A       50%         3
 Teleport Other           Tloc           0%         N/A       50%         3
 Tukima's Dance           Hex            0%         N/A       50%         3
 Vampiric Draining        Necr           0%         2d6       50%         3
 Volatile Blastmotes      Fire/Tloc      0%         2d10      50%         3
 Airstrike                Air            0%         2d(0-16)  88%         4
 Animate Dead             Necr           0%         N/A       88%         4
 Dispel Undead            Necr           0%         3d6       88%         4
 Fulminant Prism          Conj/Hex       0%         3d5       88%         4
 Iskenderun's Mystic Bla  Conj/Tloc      0%         2d3       88%         4
 Leda's Liquefaction      Hex/Erth       0%         N/A       88%         4
 Olgreb's Toxic Radiance  Pois           0%         N/A       88%         4
 Passage of Golubria      Tloc           0%         N/A       88%         4
 Petrify                  Tmut/Erth      0%         N/A       88%         4
 Summon Ice Beast         Ice/Summ       0%         N/A       88%         4
 Summon Lightning Spire   Summ/Air       0%         N/A       88%         4
 Vhi's Electric Charge    Tloc/Air       0%         N/A       88%         4
 Agony                    Necr           0%         N/A       99%         5
 Alistair's Intoxication  Tmut/Pois      0%         N/A       99%         5
 Arcjolt                  Conj/Air       0%         1d10      99%         5
 Borgnjor's Vile Clutch   Necr/Erth      0%         N/A       99%         5
 Freezing Cloud           Conj/Ice/Air   0%         6-21      99%         5
 Lee's Rapid Deconstruct  Erth           0%         3d4*      99%         5
 Metabolic Englaciation   Hex/Ice        0%         N/A       99%         5
 Silence                  Hex/Air        0%         N/A       99%         5
 Yara's Violent Unravell  Hex/Tmut       0%         3d3       99%         5
 Death Channel            Necr           0%         N/A       100%        6
 Dispersal                Tloc           0%         N/A       100%        6
 Eringya's Noxious Bog    Tmut/Pois      0%         4d6       100%        6
 Plasma Beam              Fire/Air       0%         2x1d10    100%        6
 Simulacrum               Ice/Necr       0%         N/A       100%        6
 Starburst                Conj/Fire      0%         6d3       100%        6
 Enfeeble                 Hex            0%         N/A       100%        7
 Haunt                    Necr/Summ      0%         N/A       100%        7
 Orb of Destruction       Conj           0%         9d5       100%        7
 Ozocubu's Refrigeration  Ice            0%         4d7       100%        7
 Spellforged Servitor     Conj/Summ      0%         N/A       100%        7
 Borgnjor's Revivificati  Necr           0%         N/A       100%        8
 Discord                  Hex            0%         N/A       100%        8
 Ignition                 Fire           0%         3d3       100%        8
 Maxwell's Capacitive Co  Air            0%         ∞         100%        8
 Chain Lightning          Conj/Air       0%         N/A       100%        9
 Death's Door             Necr           0%         N/A       100%        9
 Fire Storm               Conj/Fire      0%         5d1       100%        9
 Polar Vortex             Ice            0%         N/A       100%        9
 Shatter                  Erth           0%         3d5*      100%        9
 Sublimation of Blood     Necr           Unusable   N/A       N/A         2
 Animate Armour           Summ/Erth      Unusable   N/A       N/A         4

Dungeon Overview and Level Annotations

Branches:
Dungeon (15/15)            Temple (1/1) D:5            Lair (5/5) D:8
  Swamp (4/4) Lair:3       Spider (4/4) Lair:2        Slime (5/5) Lair:5
    Orc (2/2) D:9             Elf (3/3) Orc:2        Vaults (5/5) D:14
  Crypt (3/3) Vaults:3       Tomb (0/3) Crypt:3      Depths (4/4) D:15
    Zot (5/5) Depths:4     Bailey (visited)           IceCv (visited)
Desolation (visited)      Gauntlet (visited)

Altars:
Ashenzari
Cheibriados
Dithmenos
Elyvilon
Fedhas
Gozag
Hepliaklqana
Kikubaaqudgha
Makhleb
Nemelex Xobeh
Okawaru
Qazlal
Ru
Sif Muna
Trog
Uskayaw
Vehumet
Wu Jian
Xom
Yredelemnul
Zin
The Shining One
Jiyva
Lugonu

Shops:
D:5 [   D:7 *   D:11 ?   Orc:2 (:*!   Elf:3 [   Vaults:1 !   Vaults:3 [
Vaults:4 ?[(*   Vaults:5 (   Depths:3 =:=   Depths:4 *

Portals:
Hell: Depths:1 Depths:2 Depths:3 Depths:4
Abyss: Lair:5 Depths:3 Depths:4
Pandemonium: Orc:2 Depths:2 Depths:3
Ziggurat: Depths:1

Annotations:
D:13 1 exclusion
Temple 2 transporters
Lair:4 2 transporters, MrCrawl's ghost, journeyman TeFE
Elf:2 3 runed translucent doors, exclusion: 3 doors, Azrael
Elf:3 2 exclusions
Vaults:3 3 runed translucent doors, Empuf's ghost, veteran AtFi; Fypuno Aqar's ghost, adept DEFE
Zot:5 exclusion: obsidian statue


Innate Abilities, Weirdness & Mutations

You are a living statue of rough stone.
Your actions are slow, but your melee attacks are powerful.
You are resistant to unholy torment.
Your maximum health is greatly increased.
Your equipment is partially melded.
((Your dull iron-grey scales are very hard. (AC +18)))
You are amphibious.
You cannot fit into any form of body armour.
You are immune to poison.
You are cold-blooded and may be slowed by cold attacks.
Your body sometimes deteriorates upon taking damage.
You occasionally shout uncontrollably at your foes.
Potions cannot restore your health.
You expend magic power (3 MP) to strengthen your wands.


Message History

The fireball explodes!
The fireball engulfs the sun demon.
The sun demon completely resists.
The fireball engulfs you. You resist.
The fireball engulfs the sun demon.
The sun demon completely resists.
The fireball engulfs the sun demon.
The sun demon completely resists.
You squash the sun demon like an ant!!!!!
You kill the sun demon!
Cheibriados appreciates the change of pace.
The sun demon closely misses you. The sun demon hits you!
You are engulfed in flames.
You resist.
You pound the sun demon into fine dust!!!!
You kill the sun demon!
Cheibriados thoroughly appreciates the change of pace.
The sun demon completely misses you.
Unknown command.
You pound the sun demon into fine dust!!!!
You kill the sun demon!
Cheibriados thoroughly appreciates the change of pace.
The balrug gestures at you. The sticky flame misses you.
The balrug completely misses you. The balrug gestures at you.
The fireball explodes!
The fireball engulfs you. You resist.
The fireball engulfs the balrug.
The balrug completely resists.
The balrug completely misses you.
You pulverise the balrug!!!
The balrug is heavily wounded.
The balrug gestures at you.
The sticky flame hits you but does no damage.
You are covered in liquid flames!
You pulverise the balrug!!!
You kill the balrug!
Cheibriados thoroughly appreciates the change of pace.
You are covered in liquid flames!
No target in view!
You are covered in liquid flames!
You see here a +2 demon whip of electrocution.
There is a fountain of clear blue water here.
Why would you want to do that? Why would you want to do that?
There is a staircase leading out of the dungeon here.
You have escaped!

#.##.# ###..#....#
######.##.## ##.#....#
#......#...#########.......
#..................##......
#..................##.###..
#......≈.....≈.....##..##..
#.....§≈.....≈⌠....###.##..
#......≈§....≈)....###.....
#......≈..8..≈.............
#.....⌠≈.....≈⌠....#.#####.
#......≈.....§.....#.# #.
#.......§...≈......#.#####.
#......⌠§...≈⌠.....#.....##
#.......≈...≈......#.###'##
#.......≈...§......#.##....
#......§§§..≈⌠.......##....
##......§.§.≈......####....


There were no monsters in sight!

Vanquished Creatures
  the Royal Jelly (Slime:5)
  Dissolution (Slime:5)
  3 pandemonium lords
  2 dread liches
  5 orbs of fire
  4 ancient liches
  Boris (Vaults:4)
  Bai Suzhen (Vaults:4)
  9 Killer Klowns
  3 curse toes (Zot:3)
  Margery (Vaults:5)
  15 golden dragons
  the Enchantress (Depths:2)
  A profane servitor (Depths:1)
  9 electric golems
  Arachne (Spider:4)
  2 doom hounds (Crypt:2)
  2 bone dragons (Depths:4)
  2 hellephants (Depths:2)
  Jorgrun (D:15)
  3 Ice Fiends
  16 tentacled monstrosities
  2 titans
  Rupert (D:13)
  31 Orb Guardians
  Grunn (Crypt:2)
  5 liches
  3 quicksilver dragons
  4 deep elf blademasters (Elf:3)
  3 sphinxes
  3 deep elf master archers (Elf:3)
  4 ancient champions
  16 acid blobs
  7 death cobs
  3 tentacled starspawn
  5 tengu reavers
  19 storm dragons
  A draconian monk (Zot:2)
  9 shadow dragons
  Roxanne (Elf:3)
  A revenant (Crypt:1)
  A fenstrider witch (Swamp:4)
  4 fire giants
  16 azure jellies
  A daeva (Depths:4)
  8 draconian knights
  2 imperial myrmidons (Desolation)
  12 rockslimes
  A juggernaut zombie (Crypt:2)
  A balrug (D:1)
  9 ghost moths
  4 deep elf elementalists (Elf:3)
  6 frost giants
  An emperor scorpion (Spider:4)
  5 deep elf sorcerers
  4 draconian scorchers
  2 curse skulls
  2 draconian stormcallers
  5 ghouls
  18 vault wardens
  A draconian shifter (Zot:4)
  6 orc warlords
  2 reapers
  16 ironbound preservers
  A broodmother (Spider:4)
  4 war gargoyles
  17 very ugly things
  4 draconian annihilators
  2 quicksilver oozes (shapeshifter)
  16 quicksilver oozes
  6 formless jellyfish
  12 black draconians
  6 vampire knights
  8 deep elf demonologists
  8 ironbound thunderhulks
  4 spriggan defenders
  A juggernaut skeleton (Crypt:1)
  13 green draconians
  14 stone giants
  5 eleionomae
  6 deep elf annihilators (Elf:3)
  A minotaur (Gauntlet)
  14 white draconians
  14 purple draconians
  2 bunyips
  9 red draconians
  A lorocyproca (D:14)
  11 yellow draconians
  2 halazid warlocks (Desolation)
  13 dire elephants
  12 spark wasps
  An eidolon (Crypt:3)
  16 ettins
  9 deep elf death magi
  A mummy priest (Crypt:3)
  Josephine (D:15)
  A green death (Depths:4)
  2 crystal guardians (Desolation)
  15 yaktaur captains
  10 entropy weavers
  7 ragged hierophants (Desolation)
  12 fire dragons
  9 deep elf high priests
  A spriggan zombie (Crypt:3)
  Erolcha (Orc:2)
  2 jiangshi (Crypt:3)
  12 servants of whispers (Desolation)
  40 vault guards
  13 great orbs of eyes
  Harold (D:11)
  3 ogre magi
  2 demonspawn (Orc:2)
  2 rakshasas (Depths:2)
  7 ice dragons
  A ghost crab (Swamp:2)
  2 death knights
  14 hydras
  A spriggan skeleton (Crypt:3)
  A catoblepas (D:13)
  4 spriggan air magi
  2 radroaches
  12 alligators
  8 boulder beetles
  3 ironbound frosthearts
  3 satyrs (Depths:2)
  5 two-headed ogres
  10 peacekeepers
  21 dancing weapons
  6 centaur warriors
  8 death yaks (Lair:4)
  5 vampire magi
  8 demonic crawlers
  10 spriggan berserkers
  7 deep troll earth magi
  A titan zombie (Crypt:3)
  8 deep troll shamans
  8 tengu warriors
  6 orc high priests
  9 hell hogs
  A bennu skeleton (Crypt:1)
  7 thrashing horrors
  16 hell knights
  18 deep elf knights
  2 soul eaters
  10 pharaoh ants
  4 sun demons (D:1)
  4 skysharks
  4 wretched stars
  2 fire crabs (Swamp:4)
  3 sun moths
  An iron troll (Vaults:4)
  A sixfirhy (Abyss:3)
  3 goliath frogs
  35 deep trolls
  2 large abominations (Lair:5)
  7 orb spiders
  20 skeletal warriors
  2 spriggan druids
  6 flayed ghosts
  2 shadow demons
  A bunyip zombie (Crypt:3)
  7 wizards
  16 deep elf archers
  22 phantasmal warriors
  2 anaconda zombies
  4 bog bodies
  A spriggan simulacrum (Abyss:3)
  10 swamp dragons
  3 glowing orange brains
  An iron giant skeleton (Crypt:2)
  3 necromancers
  13 ironbound convokers
  13 orc knights
  21 deep elf zephyrmancers
  5 lindwurms
  Jeremiah (Lair:1)
  29 deep elf pyromancers
  8 steelbarb worms
  7 shining eyes
  2 fauns (Depths:2)
  9 orc sorcerers
  An oklob plant (Lair:4)
  38 ugly things
  4 cyclopes
  A manticore (shapeshifter) (Elf:3)
  A cyclops (shapeshifter) (Vaults:4)
  5 manticores
  2 will-o-the-wisps
  20 wolf spiders
  25 moths of wrath
  Maurice (D:13)
  A worldbinder (Depths:3)
  A black mamba (shapeshifter) (Elf:1)
  A salamander (Depths:3)
  3 black mambas
  7 guardian serpents (Desolation)
  A water nymph (shapeshifter) (Vaults:4)
  A dire elephant zombie (Crypt:3)
  9 elephants
  A cane toad (shapeshifter) (Elf:2)
  11 smoke demons
  A molten gargoyle (Desolation)
  20 vault sentinels
  4 eyes of devastation
  4 orange demons
  Joseph (D:9)
  3 ice statues (IceCv)
  14 cane toads
  11 gargoyles
  3 torpor snails
  3 unseen horrors
  4 kobold demonologists (D:12)
  A hellion (D:14)
  A centaur skeleton (Crypt:3)
  34 yaktaurs
  5 rime drakes
  6 tengu conjurers
  7 freezing wraiths
  14 komodo dragons
  2 ice devils (Lair:3)
  2 efreet
  2 hellwings
  2 ancient zymes (Abyss:3)
  6 trolls
  6 meliai
  A red devil (Orc:2)
  25 blink frogs
  21 hornets
  5 polar bears
  A harpy skeleton (Crypt:3)
  21 tarantellas
  8 tyrant leeches
  A guardian serpent zombie (Crypt:2)
  64 saltlings (Desolation)
  A hydra skeleton (Crypt:3)
  7 raiju
  2 dream sheep (Lair:3)
  A radroach zombie (Crypt:1)
  A death drake skeleton (Crypt:2)
  A centaur simulacrum (D:12)
  132 slime creatures
  4 vampires
  2 air elementals
  27 culicivoras
  10 water elementals
  22 jumping spiders
  22 spriggans
  An ice dragon skeleton (Crypt:2)
  3 shadows (Crypt:3)
  5 fire elementals
  15 wraiths
  A spriggan (shapeshifter) (Depths:3)
  69 yaks
  3 ynoxinuls
  3 wyverns
  8 basilisks
  9 starcursed masses
  An ettin skeleton (Crypt:3)
  24 vampire mosquitoes
  3 chaos spawn
  A human (Lair:5)
  50 redbacks
  2 neqoxecs
  12 golden eyes
  5 steam dragons
  Menkaure (D:4)
  A two-headed ogre zombie (Crypt:1)
  2 wargs (Orc:1)
  2 acid dragons
  14 swamp worms
  14 water moccasins
  3 hell hounds
  A naga skeleton (Crypt:3)
  Duvessa (D:5)
  A water moccasin (shapeshifter) (D:15)
  2 floating eyes
  10 small abominations
  8 swamp drakes
  46 orc warriors
  2 black bears (D:5)
  A sky beast (D:7)
  4 great orb of eyes simulacra (IceCv)
  7 wolves
  A tengu (shapeshifter) (Depths:3)
  7 ogres
  9 centaurs
  A snapping turtle skeleton (Crypt:2)
  3 kobold brigands
  5 slime creature simulacra (IceCv)
  A necrophage (Swamp:3)
  4 scorpions
  12 bullfrogs
  4 glowing shapeshifter simulacra (IceCv)
  6 earth elementals
  14 wights
  Dowan (D:5)
  A queen bee zombie (Crypt:1)
  4 killer bees (D:8)
  5 electric eels
  A howler monkey (D:8)
  A bullfrog zombie (Crypt:1)
  A hound (D:5)
  6 jellies
  24 orc priests
  A human zombie (Crypt:1)
  A gnoll bouda (Lair:3)
  6 iguanas
  3 sleepcaps
  Natasha (D:2)
  25 orc wizards
  A boggart skeleton (Crypt:1)
  2 lightning spires (Gauntlet)
  A shapeshifter simulacrum (IceCv)
  A deep dwarf skeleton (Crypt:1)
  A hound skeleton (Crypt:1)
  18 gnolls
  9 adders
  2 shadow imps (D:5)
  A white imp (Abyss:3)
  3 ufetubi
  An iguana zombie (Crypt:2)
  3 worms
  3 dart slugs
  90 orcs
  10 ball pythons
  3 bats
  19 endoplasms
  7 giant cockroaches
  18 goblins
  18 hobgoblins
  4 jackals (D:2)
  12 kobolds
  6 quokkas
  A dart slug zombie (Crypt:2)
  2 frilled lizards (D:2)
  3 rats
  A lurking horror (Depths:3)
  A starspawn tentacle (Depths:3)
2588 creatures vanquished.

Vanquished Creatures (others)
  Boris (Crypt:3)
  A deep elf sorcerer (Elf:3)
  A deep elf knight (Elf:2)
  A deep elf zephyrmancer (Elf:3)
  A vault sentinel (Vaults:5)
  2 saltlings (Desolation)
  3 bloated husks
  A hornet (Depths:4)
  2 steam dragons (Swamp:4)
  2 swamp drakes (Swamp:4)
  An orc priest (Orc:2)
  9 foxfires (Swamp:3)
  5 starspawn tentacles
30 creatures vanquished.

Grand Total: 2618 creatures vanquished

Notes
Turn   | Place    | Note
-------+----------+-------------------------------------------
     0 | D:1      | Angani the Draconian Shapeshifter began the quest for the
                  | Orb.
     0 | D:1      | Reached XP level 1. HP: 16/16 MP: 1/1
   122 | D:1      | Reached XP level 2. HP: 21/23 MP: 2/2
   590 | D:1      | Reached XP level 3. HP: 23/28 MP: 3/3
  1052 | D:2      | Reached XP level 4. HP: 16/35 MP: 4/4
  1643 | D:2      | Noticed Natasha
  1644 | D:2      | Identified the +2 robe of Nerphucw {+Inv rF+ SInv}
  1651 | D:2      | Killed Natasha
  1997 | D:3      | Found a faded altar of an unknown god.
  2115 | D:3      | Reached XP level 5. HP: 40/40 MP: 5/5
  2902 | D:4      | Noticed Menkaure
  2928 | D:4      | Killed Menkaure
  2929 | D:4      | Reached skill level 5 in Unarmed Combat
  2929 | D:4      | Reached XP level 6. HP: 27/47 MP: 6/6
  3344 | D:5      | Entered Level 5 of the Dungeon
  3642 | D:5      | Reached skill level 5 in Shapeshifting
  3705 | D:5      | Your scales start taking on a dull iron-grey colour.
  3705 | D:5      | Reached XP level 7. HP: 41/57 MP: 7/7
  3760 | D:5      | Got the Information on Decaying Arcane Combat
  3958 | D:5      | Found a staircase to the Ecumenical Temple.
  3967 | Temple   | Found a transporter.
  3967 | Temple   | Found a transporter.
  3967 | Temple   | Found a transporter.
  3967 | Temple   | Found a transporter.
  3967 | Temple   | Entered the Ecumenical Temple
  4244 | D:5      | Found Giluheys's Armour Emporium.
  4249 | D:5      | Bought a +0 pair of gloves for 45 gold pieces
  4414 | D:5      | Noticed Dowan
  4431 | D:5      | Killed Dowan
  4438 | D:5      | Noticed Duvessa
  4696 | D:5      | Killed Duvessa
  4697 | D:5      | Reached skill level 5 in Fighting
  4804 | D:5      | Reached XP level 8. HP: 49/68 MP: 8/8
  5810 | D:6      | Reached XP level 9. HP: 72/74 MP: 9/9
  5866 | D:6      | Found a snail-covered altar of Cheibriados.
  5905 | D:6      | Became a worshipper of Cheibriados the Contemplative
  6156 | D:7      | Reached skill level 5 in Dodging
  6222 | D:7      | Reached skill level 1 in Invocations
  6312 | D:7      | Found Umopsimu's General Store.
  6320 | D:7      | Bought a scroll of identify for 28 gold pieces
  6320 | D:7      | Bought a scroll of identify for 28 gold pieces
  6320 | D:7      | Bought a potion of resistance for 140 gold pieces
  6320 | D:7      | Bought a potion of might for 56 gold pieces
  6344 | D:7      | Found a sacrificial altar of Ru.
  6887 | D:7      | Noticed a troll
  6900 | D:7      | Killed a troll
  7389 | D:8      | Reached * piety under Cheibriados
  7467 | D:8      | Found a flagged portal.
  7645 | Bailey   | Entered a bailey
  7747 | Bailey   | Reached skill level 5 in Invocations
  7815 | Bailey   | Reached ** piety under Cheibriados
  7999 | Bailey   | Reached *** piety under Cheibriados
  8000 | Bailey   | Reached XP level 10. HP: 81/81 MP: 13/13
  8073 | Bailey   | Reached XP level 11. HP: 88/88 MP: 14/14
  8083 | Bailey   | Noticed an orc warlord
  8099 | Bailey   | Killed an orc warlord
  8156 | Bailey   | Reached skill level 10 in Fighting
  8156 | Bailey   | Reached XP level 12. HP: 108/108 MP: 15/15
  8162 | Bailey   | Identified the amulet "Taot Zil" {Faith rF+ Int-4 Dex+6}
  8315 | D:8      | Found a stormy altar of Qazlal.
  8358 | D:8      | Found a staircase to the Lair.
  8472 | D:8      | Found an opulent altar of Gozag.
  8832 | D:8      | Reached **** piety under Cheibriados
  9406 | D:9      | Found a shimmering altar of Xom.
  9406 | D:9      | Found a hide-covered altar of Uskayaw.
  9544 | D:9      | Reached ***** piety under Cheibriados
  9679 | D:9      | Reached skill level 10 in Shapeshifting
  9686 | D:9      | Noticed Joseph
  9688 | D:9      | Found a staircase to the Orcish Mines.
  9694 | D:9      | Killed Joseph
 10042 | D:10     | Entered Level 10 of the Dungeon
 10144 | D:10     | Noticed a centaur warrior
 10152 | D:10     | Killed a centaur warrior
 10278 | D:10     | Noticed a two-headed ogre
 10288 | D:10     | Killed a two-headed ogre
 10841 | D:10     | Noticed a two-headed ogre
 10850 | D:10     | Killed a two-headed ogre
 10995 | D:10     | Found a faded altar of an unknown god.
 10995 | D:10     | Found a glowing silver altar of Zin.
 11003 | D:10     | Found a basalt altar of Yredelemnul.
 11005 | D:10     | Found a sparkling altar of Nemelex Xobeh.
 11007 | D:10     | Found a faded altar of an unknown god.
 11259 | Lair:1   | Entered Level 1 of the Lair of Beasts
 11402 | Lair:1   | Reached XP level 13. HP: 115/115 MP: 16/16
 11591 | Lair:1   | Reached ****** piety under Cheibriados
 11740 | Lair:1   | Noticed Jeremiah
 11775 | Lair:1   | Killed Jeremiah
 12609 | Lair:2   | Found a hole to the Spider Nest.
 13728 | Lair:3   | Reached skill level 10 in Dodging
 13728 | Lair:3   | Found a frozen archway.
 13872 | IceCv    | Entered an ice cave
 14317 | IceCv    | Reached skill level 1 in Stealth
 15272 | IceCv    | Noticed a quicksilver ooze
 15274 | IceCv    | Found a viscous altar of Jiyva.
 15274 | IceCv    | Noticed an azure jelly
 15278 | IceCv    | Killed a quicksilver ooze
 15282 | IceCv    | Killed an azure jelly
 15424 | IceCv    | Got the Vellum of Firn
 15425 | IceCv    | Identified the +1 leather armour "Defrom" {rElec Str+3
                  | Slay+2}
 15728 | Lair:3   | Reached XP level 14. HP: 122/122 MP: 17/17
 15950 | Lair:3   | Reached skill level 5 in Stealth
 16047 | Lair:3   | Identified the +11 war axe of In Flagrante Delicto {spect,
                  | rC+}
 16666 | Lair:3   | Found a staircase to the Swamp.
 17526 | Lair:4   | Found a transporter.
 17528 | Lair:4   | Found a transporter.
 17533 | Lair:4   | Noticed MrCrawl's ghost (journeyman TeFE)
 18432 | Lair:5   | Entered Level 5 of the Lair of Beasts
 18773 | Lair:5   | Found a staircase to the Slime Pits.
 18774 | Lair:5   | Found a viscous altar of Jiyva.
 19405 | Lair:5   | Reached XP level 15. HP: 128/128 MP: 18/18
 19467 | Lair:5   | Found a corrupted altar of Lugonu.
 19467 | Lair:5   | Found a one-way gate to the infinite horrors of the Abyss.
 19914 | Lair:5   | Found a runed translucent door.
 19944 | Lair:5   | Got Geohudy's Discourse on the Alluring Icicle
 20174 | D:11     | Noticed Harold
 20181 | D:11     | Reached skill level 10 in Stealth
 20186 | D:11     | Killed Harold
 20954 | D:11     | Found Lapy's Magic Scroll Emporium.
 20959 | D:11     | Bought a scroll of fog for 56 gold pieces
 20959 | D:11     | Bought a scroll of identify for 28 gold pieces
 20959 | D:11     | Bought a scroll of identify for 28 gold pieces
 20959 | D:11     | Bought a scroll of teleportation for 42 gold pieces
 20959 | D:11     | Bought a scroll of revelation for 105 gold pieces
 21567 | D:12     | Reached skill level 15 in Shapeshifting
 21653 | D:12     | Found the +8 frozen axe "Frostbite" {freeze, freezing
                  | cloud, *Noise Fly rC+}
 22705 | D:13     | Noticed Maurice
 22717 | D:13     | Killed Maurice
 23126 | D:13     | Noticed Rupert
 23135 | D:13     | Killed Rupert
 23712 | D:14     | Found a gate to the Vaults.
 23922 | D:14     | Got the Omnibus of the Cooper
 24638 | D:14     | Reached XP level 16. HP: 97/136 MP: 23/23
 24643 | D:14     | Reached skill level 10 in Invocations
 25261 | Orc:1    | Entered Level 1 of the Orcish Mines
 25594 | Orc:2    | Entered Level 2 of the Orcish Mines
 25607 | Orc:2    | Found a gate leading to a gauntlet.
 25615 | Gauntlet | Entered a Gauntlet
 25615 | Gauntlet | Found a transporter.
 25618 | Gauntlet | Found a transporter.
 25638 | Gauntlet | Found a transporter.
 25638 | Gauntlet | Found a transporter.
 25658 | Gauntlet | Found a transporter.
 25671 | Gauntlet | Found a transporter.
 25676 | Gauntlet | Found a transporter.
 25680 | Gauntlet | Found a transporter.
 25706 | Gauntlet | Found a transporter.
 25720 | Gauntlet | Found a transporter.
 25724 | Gauntlet | Found a transporter.
 25735 | Gauntlet | Found a transporter.
 25826 | Gauntlet | Identified the +1 dagger of the Heavens {speed, rC- rN++
                  | Int-3 Stlth+}
 25831 | Gauntlet | Identified the ring of Cocyefro {Wiz rC+ Int+2 Dex+3}
 25894 | Gauntlet | Identified the ring of Vievimya {rPois Slay+3 SInv}
 25899 | Gauntlet | Reached XP level 17. HP: 143/143 MP: 24/24
 25972 | Gauntlet | Identified the +2 scale mail "Afothron" {Harm Rampage rC+}
 26072 | Orc:2    | Noticed Erolcha
 26080 | Orc:2    | Killed Erolcha
 26267 | Orc:2    | Found a staircase to the Elven Halls.
 26295 | Orc:2    | Found Noetipt's General Store.
 26308 | Orc:2    | Found Fapu Pax's Distillery.
 26336 | Orc:2    | Bought a potion of lignification for 33 gold pieces
 26446 | Orc:2    | Paralysed by an orc sorcerer for 4 turns
 27006 | Orc:2    | Found Juapsyimnus's Antique Weapon Boutique.
 27006 | Orc:2    | Found Zozuf's Book Shop.
 27007 | Orc:2    | Found a one-way gate leading to the halls of Pandemonium.
 27645 | D:15     | Entered Level 15 of the Dungeon
 28419 | D:15     | Noticed Jorgrun
 28424 | D:15     | Killed Jorgrun
 28442 | D:15     | Noticed Josephine
 28450 | D:15     | Killed Josephine
 28793 | D:15     | Found a staircase to the Depths.
 28831 | D:15     | Upgraded the game from 0.31-a0-542-gdc2a67831c to
                  | 0.31-a0-640-g39d97e502b
 29116 | Swamp:1  | Entered Level 1 of the Swamp
 29121 | Swamp:1  | Identified the +9 scimitar of Fedhas's Supremacy {flame,
                  | rPois}
 29580 | Swamp:1  | Identified the +0 sling "Moted" {flame, rElec rN+ Str+2}
 29757 | Swamp:2  | Reached XP level 18. HP: 153/159 MP: 25/25
 30932 | Swamp:4  | Entered Level 4 of the Swamp
 31530 | Swamp:4  | Got a decaying rune of Zot
 31783 | Spider:1 | Entered Level 1 of the Spider Nest
 34781 | Spider:3 | Reached XP level 19. HP: 169/169 MP: 26/26
 35171 | Spider:4 | Entered Level 4 of the Spider Nest
 35319 | Spider:4 | Noticed Arachne
 35332 | Spider:4 | Killed Arachne
 36000 | Spider:4 | Got a gossamer rune of Zot
 36030 | Spider:4 | Identified the +8 arbalest of Onuat {drain, *Slow rF+ rN++}
 36514 | Elf:1    | Entered Level 1 of the Elven Halls
 36731 | Abyss:3  | Found a corrupted altar of Lugonu.
 36731 | Abyss:3  | Cast into level 3 of the Abyss (a deep elf demonologist)
 36927 | Elf:1    | Escaped the Abyss
 37023 | Elf:1    | Found a runed translucent gate.
 37023 | Elf:1    | Found a runed translucent gate.
 37023 | Elf:1    | Found a runed translucent gate.
 37023 | Elf:1    | Found a runed translucent gate.
 37023 | Elf:1    | Found a runed translucent gate.
 37024 | Elf:1    | Found a runed translucent gate.
 37756 | Elf:1    | Identified the staff "Itaot" {rF+ rCorr Int+3 Earth}
 37758 | Elf:1    | Identified the staff of Impish Reinforcement {rPois rF-
                  | Str+4 Int+3 Dex-4 Earth}
 38011 | Elf:2    | Paralysed by an air elemental for 1 turns
 38142 | Elf:2    | Reached XP level 20. HP: 177/177 MP: 27/27
 38520 | Elf:2    | Found a runed translucent gate.
 38521 | Elf:2    | Found a runed translucent gate.
 38521 | Elf:2    | Found a runed translucent gate.
 38821 | Elf:2    | Noticed Azrael
 38886 | Elf:3    | Entered Level 3 of the Elven Halls
 38986 | Elf:3    | Found Rudinteug's Armour Boutique.
 39518 | Elf:3    | Noticed Roxanne
 39527 | Elf:3    | Killed Roxanne
 39812 | Elf:3    | Identified the ring of Kaagum {EV+5 Int+3}
 39829 | Elf:3    | Identified the +7 morningstar "Cupic" {freeze, *Slow rF+
                  | rC+ Will+}
 39829 | Elf:3    | Identified the ring "Happ" {Wiz rF+ Will- Int+4 SInv}
 40708 | Vaults:1 | Entered Level 1 of the Vaults
 40829 | Vaults:1 | Found a transporter.
 40829 | Vaults:1 | Found Fudoq's Distillery.
 40831 | Vaults:1 | Found a transporter.
 40836 | Vaults:1 | Bought a potion of heal wounds for 75 gold pieces
 40836 | Vaults:1 | Bought a potion of berserk rage for 75 gold pieces
 40836 | Vaults:1 | Bought a potion of curing for 45 gold pieces
 40836 | Vaults:1 | Bought a potion of cancellation for 120 gold pieces
 40836 | Vaults:1 | Bought a potion of mutation for 120 gold pieces
 40836 | Vaults:1 | Bought a potion of curing for 45 gold pieces
 40836 | Vaults:1 | Bought a potion of curing for 45 gold pieces
 41867 | Vaults:1 | Reached skill level 15 in Fighting
 42399 | Vaults:2 | Reached XP level 21. HP: 184/184 MP: 28/28
 42426 | Vaults:2 | Found a crumbling gateway.
 42436 | Desolati | Entered the Desolation of Salt
 42504 | Desolati | Identified the ring of Wu Jian's Envy {rF+ rC+ Will- rCorr}
 42673 | Desolati | Got the Octavo of Rancid Therianthropy
 42885 | Desolati | Reached skill level 15 in Unarmed Combat
 43204 | Desolati | Identified the +2 dire flail of Earthquakes {protect, Fly
                  | Str-2 Dex+2}
 43208 | Desolati | Identified the ring of Xoucec {Will+ Str+6}
 44428 | Vaults:3 | Found a runed translucent gate.
 44428 | Vaults:3 | Found a runed translucent gate.
 44428 | Vaults:3 | Found a runed translucent gate.
 44429 | Vaults:3 | Noticed Empuf's ghost (veteran AtFi)
 44429 | Vaults:3 | Noticed Fypuno Aqar's ghost (adept DEFE)
 44589 | Vaults:3 | Found Zonustrill's Antique Armour Boutique.
 44597 | Vaults:3 | Bought a brightly glowing buckler for 218 gold pieces
 44597 | Vaults:3 | Identified the +0 buckler "Hyradwe" {rN+} (You bought it in
                  | a shop on level 3 of the Vaults)
 44901 | Vaults:3 | You fall into a shaft and drop 1 floor!
 44907 | Vaults:4 | Noticed Boris
 44920 | Vaults:4 | Killed Boris
 45526 | Vaults:3 | Found a staircase to the Crypt.
 45526 | Vaults:3 | Found an ancient bone altar of Kikubaaqudgha.
 45526 | Vaults:3 | Found a basalt altar of Yredelemnul.
 45637 | Vaults:4 | Identified the +6 whip of the Undead {speed, Will++ Dex+3}
 45678 | Vaults:4 | Found Fufridia's General Store.
 45710 | Vaults:4 | Bought a scroll of revelation for 120 gold pieces
 45710 | Vaults:4 | Bought a potion of lignification for 48 gold pieces
 45827 | Vaults:4 | Found Ukuicev's Magic Scroll Boutique.
 45830 | Vaults:4 | Bought a scroll of teleportation for 69 gold pieces
 45830 | Vaults:4 | Bought a scroll of fear for 92 gold pieces
 45830 | Vaults:4 | Bought a scroll of fear for 92 gold pieces
 45830 | Vaults:4 | Bought a scroll of silence for 218 gold pieces
 45830 | Vaults:4 | Bought a scroll of immolation for 92 gold pieces
 45867 | Vaults:4 | Reached XP level 22. HP: 202/202 MP: 29/29
 46064 | Vaults:4 | Found Fypniv's Antique Armour Shop.
 46068 | Vaults:4 | Found Kiria's Antique Weapon Shoppe.
 46105 | Vaults:4 | Noticed Bai Suzhen
 46116 | Vaults:4 | Killed Bai Suzhen
 46901 | Crypt:1  | Entered Level 1 of the Crypt
 47865 | Crypt:2  | Noticed Grunn
 47874 | Crypt:2  | Killed Grunn
 48651 | Crypt:3  | Entered Level 3 of the Crypt
 48651 | Crypt:3  | Noticed Boris
 48656 | Crypt:3  | Killed Boris
 48827 | Crypt:3  | Got the Volume of Calculation
 49285 | Crypt:3  | Found the +12 glaive of Prune {freeze, Prune}
 49285 | Crypt:3  | Found the +2 Maxwell's thermic engine {flame, freeze, rev}
 49775 | Crypt:3  | Reached XP level 23. HP: 217/217 MP: 30/30
 49935 | Crypt:3  | Found a staircase to the Tomb.
 49937 | Crypt:3  | Noticed a dread lich
 49946 | Crypt:3  | Killed a dread lich
 49974 | Crypt:3  | Identified the +5 short sword of the Sky {flame, rElec}
 49976 | Crypt:3  | Identified the +2 spear "Haeg" {protect, Fragile Will+++
                  | Str-4 Dex+8}
 50665 | Slime:1  | Entered Level 1 of the Pits of Slime
 50740 | Slime:1  | Gained mutation: You are dopey. (Int -2) [a shining eye]
 50745 | Slime:1  | Gained mutation: You are very dopey. (Int -4) [a shining
                  | eye]
 51539 | Slime:2  | Gained mutation: Your body sometimes deteriorates upon
                  | taking damage. [a shining eye]
 52161 | Slime:4  | Gained mutation: You have hidden genetic defects. [a
                  | shining eye]
 52170 | Slime:4  | Gained mutation: You sometimes lose your temper in combat.
                  | [a shining eye]
 52170 | Slime:4  | Gained mutation: Your magical capacity is low. (-10% MP) [a
                  | shining eye]
 52311 | Slime:4  | Gained mutation: Your magical capacity is very low. (-20%
                  | MP) [a shining eye]
 52311 | Slime:4  | Gained mutation: You do not regenerate when monsters are
                  | visible. [a shining eye]
 52894 | Slime:4  | Lost mutation: Your magical capacity is very low. (-20% MP)
                  | [potion of mutation]
 52894 | Slime:4  | Lost mutation: You are very dopey. (Int -4) [potion of
                  | mutation]
 52894 | Slime:4  | Gained mutation: You are clumsy. (Dex -2) [potion of
                  | mutation]
 52894 | Slime:4  | Gained mutation: You have terrible hidden genetic defects.
                  | [potion of mutation]
 52894 | Slime:4  | Lost mutation: You are clumsy. (Dex -2) [potion of
                  | mutation]
 52894 | Slime:4  | Gained mutation: Your skin changes colour to match your
                  | surroundings (Stealth+). [potion of mutation]
 52895 | Slime:4  | Lost mutation: You sometimes lose your temper in combat.
                  | [potion of mutation]
 52895 | Slime:4  | Lost mutation: You do not regenerate when monsters are
                  | visible. [potion of mutation]
 52895 | Slime:4  | Gained mutation: You have large cloven feet. [potion of
                  | mutation]
 52895 | Slime:4  | Gained mutation: You possess an exceptional clarity of
                  | mind. [potion of mutation]
 52896 | Slime:4  | Lost mutation: Your magical capacity is low. (-10% MP)
                  | [potion of mutation]
 52896 | Slime:4  | Lost mutation: You have terrible hidden genetic defects.
                  | [potion of mutation]
 52896 | Slime:4  | Lost mutation: Your skin changes colour to match your
                  | surroundings (Stealth+). [potion of mutation]
 52896 | Slime:4  | Gained mutation: You are frail. (-10% HP) [potion of
                  | mutation]
 52897 | Slime:4  | Lost mutation: You have hidden genetic defects. [potion of
                  | mutation]
 52897 | Slime:4  | Lost mutation: You are frail. (-10% HP) [potion of
                  | mutation]
 52897 | Slime:4  | Lost mutation: Your body sometimes deteriorates upon taking
                  | damage. [potion of mutation]
 52897 | Slime:4  | Lost mutation: You possess an exceptional clarity of mind.
                  | [potion of mutation]
 52897 | Slime:4  | Gained mutation: You are somewhat resistant to further
                  | mutation. [potion of mutation]
 52931 | Slime:5  | Entered Level 5 of the Pits of Slime
 52931 | Slime:5  | Found the +8 Vampire's Tooth {megavamp}
 52961 | Slime:5  | Found a viscous altar of Jiyva.
 53393 | Depths:1 | Entered Level 1 of the Depths
 53641 | Depths:1 | Found a one-way gateway to a ziggurat.
 53711 | Depths:1 | Found a gateway to Hell.
 53883 | Depths:1 | Found Zin's Purification Station.
 53883 | Depths:1 | Found a glowing silver altar of Zin.
 53892 | Depths:1 | Bought a potion of curing for 90 gold pieces
 54825 | Depths:2 | Reached XP level 24. HP: 226/233 MP: 30/30
 54932 | Depths:2 | Found the +3 giant club "Skullcrusher" {speed, Str+7}
 55275 | Depths:2 | Noticed the Enchantress
 55284 | Depths:2 | Killed the Enchantress
 55300 | Depths:2 | Identified the ring of the Ten Youths {rF+ rC++ Str+4
                  | Slay+2}
 55357 | Depths:2 | Got the Monograph on Apparitions and Ectoplasm
 55506 | Depths:2 | Found a sparkling altar of Nemelex Xobeh.
 56088 | Depths:3 | Identified the +11 hand axe of the End of Times {freeze,
                  | *Slow rElec rN+++ Dex+3}
 56212 | Depths:3 | Found a corrupted altar of Lugonu.
 56213 | Depths:3 | Found a transporter.
 56246 | Depths:3 | Found a transporter.
 56365 | Depths:3 | Found Doketec's Jewellery Emporium.
 56365 | Depths:3 | Found Ucubug's Book Boutique.
 56366 | Depths:3 | Found Epheuponi's Jewellery Emporium.
 56380 | Depths:3 | Bought a storm talisman for 2160 gold pieces
 56818 | Depths:3 | Identified the +8 shortbow "Naegici" {heavy, rF+ rC+}
 56821 | Depths:3 | Identified the ring "Jedaemn" {Ice rElec Str+4}
 56886 | Depths:3 | Bought a talisman of death for 2160 gold pieces
 56924 | Depths:4 | Entered Level 4 of the Depths
 57497 | Depths:4 | Found a gate to the Realm of Zot.
 57668 | Depths:4 | Found Xuacrer's CLEARANCE SALE!.
 58305 | Vaults:5 | Entered Level 5 of the Vaults
 58312 | Vaults:5 | Noticed a dread lich
 59297 | Vaults:5 | Noticed an ancient lich
 59298 | Vaults:5 | Noticed an ancient lich
 59796 | Vaults:4 | Killed an ancient lich
 59803 | Vaults:4 | Killed a dread lich
 59858 | Vaults:4 | Reached XP level 25. HP: 209/247 MP: 11/30
 59864 | Vaults:4 | Killed an ancient lich
 60960 | Vaults:5 | Identified the ring of Mistrust {Fire rElec SInv}
 60970 | Vaults:5 | HP: 9/249 [golden dragon (7)]
 61364 | Vaults:5 | Got the Tractate on Arcane Combat and Flesh
 61508 | Vaults:5 | Noticed an ancient lich
 61509 | Vaults:5 | Identified the ring of Duq Vich {Int-3 Dex+2 Slay+4 Stlth+}
 61509 | Vaults:5 | Identified the +6 short sword of Ysibir {freeze, rPois}
 61712 | Vaults:5 | Killed an ancient lich
 61878 | Vaults:5 | Noticed Margery
 61935 | Vaults:5 | Killed Margery
 62310 | Vaults:5 | Found Jeafre's Antique Weapon Emporium.
 62704 | Vaults:5 | Got a silver rune of Zot
 63399 | Slime:5  | Noticed the Royal Jelly
 63459 | Slime:5  | Noticed Dissolution
 63466 | Slime:5  | Paralysed by a floating eye for 3 turns
 63477 | Slime:5  | Killed Dissolution
 63578 | Slime:5  | Gained mutation: Your spells are a little easier to cast,
                  | but a little less powerful. [a shining eye]
 63687 | Slime:5  | Killed the Royal Jelly
 63731 | Slime:5  | Identified the ring "Rudi" {rCorr Dex+3}
 63781 | Slime:5  | Got a slimy rune of Zot
 63783 | Slime:5  | Identified the ring "Ydudov" {Str+3 Dex+4 Slay+4}
 63816 | Slime:5  | Identified the staff "Killer Klown's Bane" {rElec rC+ rN+
                  | Dex-2 Necro}
 63824 | Slime:5  | Identified the +2 ring mail of Kaengab {Will+ Int+5}
 64260 | Zot:1    | Entered Level 1 of the Realm of Zot
 64302 | Zot:1    | Noticed an orb of fire
 64375 | Zot:1    | Gained mutation: You occasionally shout uncontrollably at
                  | your foes. [an orb of fire]
 64379 | Zot:1    | Gained mutation: You are frail. (-10% HP) [an orb of fire]
 64380 | Zot:1    | Killed an orb of fire
 64383 | Zot:1    | Lost mutation: Your spells are a little easier to cast, but
                  | a little less powerful. [potion of mutation]
 64383 | Zot:1    | Lost mutation: You have large cloven feet. [potion of
                  | mutation]
 64383 | Zot:1    | Lost mutation: You occasionally shout uncontrollably at
                  | your foes. [potion of mutation]
 64383 | Zot:1    | Gained mutation: Your muscles are strong. (Str +4, Int/Dex
                  | -1) [potion of mutation]
 64384 | Zot:1    | Lost mutation: You are frail. (-10% HP) [potion of
                  | mutation]
 64384 | Zot:1    | Lost mutation: You are somewhat resistant to further
                  | mutation. [potion of mutation]
 64384 | Zot:1    | Lost mutation: Your muscles are strong. (Str +4, Int/Dex
                  | -1) [potion of mutation]
 64384 | Zot:1    | Gained mutation: Your body sometimes deteriorates upon
                  | taking damage. [potion of mutation]
 64384 | Zot:1    | Gained mutation: Your tail ends in a venomous barb. [potion
                  | of mutation]
 64717 | Zot:1    | Reached XP level 26. HP: 258/258 MP: 30/30
 65338 | Zot:2    | Identified the +1 spear "Uxkadd" {chaos, Str+6 Dex-2 SInv
                  | Stlth+}
 65885 | Zot:2    | Identified the amulet of the Briny Deep {rPois Regen+}
 65967 | Zot:2    | Identified the +0 chain mail of Quantum Leap {rN+ Regen+
                  | Int-3 Slay+3}
 66009 | Zot:2    | Noticed an orb of fire
 66050 | Zot:2    | Reached skill level 27 in Shapeshifting
 67214 | Zot:4    | Reached skill level 27 in Fighting
 67526 | Zot:5    | Entered Level 5 of the Realm of Zot
 68385 | Zot:5    | Reached XP level 27. HP: 273/273 MP: 30/30
 68436 | Zot:5    | Noticed an ancient lich
 68436 | Zot:5    | Noticed an orb of fire
 68436 | Zot:5    | Noticed an orb of fire
 68723 | Zot:5    | Killed an orb of fire
 68725 | Zot:5    | Gained mutation: You occasionally shout uncontrollably at
                  | your foes. [an orb of fire]
 68727 | Zot:5    | Gained mutation: Potions are less effective at restoring
                  | your health. [an orb of fire]
 68729 | Zot:5    | Gained mutation: You sometimes lose your temper in combat.
                  | [an orb of fire]
 68730 | Zot:5    | Killed an orb of fire
 68923 | Zot:5    | Noticed an orb of fire
 68923 | Zot:5    | Gained mutation: You have an uncontrollable temper. [an orb
                  | of fire]
 68927 | Zot:5    | Gained mutation: Potions cannot restore your health. [an
                  | orb of fire]
 68929 | Zot:5    | Killed an orb of fire
 68958 | Zot:5    | Lost mutation: Your tail ends in a venomous barb. [potion
                  | of mutation]
 68958 | Zot:5    | Lost mutation: You are dopey. (Int -2) [potion of mutation]
 68958 | Zot:5    | Lost mutation: You have an uncontrollable temper. [potion
                  | of mutation]
 68958 | Zot:5    | Gained mutation: You expend magic power (3 MP) to
                  | strengthen your wands. [potion of mutation]
 68959 | Zot:5    | Lost mutation: You occasionally shout uncontrollably at
                  | your foes. [potion of mutation]
 68959 | Zot:5    | Lost mutation: You sometimes lose your temper in combat.
                  | [potion of mutation]
 68959 | Zot:5    | Lost mutation: Potions cannot restore your health. [potion
                  | of mutation]
 68959 | Zot:5    | Gained mutation: You are strong-willed. (Will+) [potion of
                  | mutation]
 68959 | Zot:5    | Gained mutation: Potions cannot restore your health.
                  | [potion of mutation]
 68959 | Zot:5    | Lost mutation: You are strong-willed. (Will+) [potion of
                  | mutation]
 68985 | Zot:5    | Reached skill level 27 in Unarmed Combat
 69075 | Zot:5    | Noticed an ancient lich
 69079 | Zot:5    | Killed an ancient lich
 69145 | Zot:5    | Noticed an orb of fire
 69156 | Zot:5    | Killed an orb of fire
 69187 | Zot:5    | Got the Orb of Zot
 69233 | Zot:4    | Noticed Fisar the pandemonium lord
 69240 | Zot:4    | Killed Fisar the pandemonium lord
 69403 | Depths:1 | Noticed Feorustre the pandemonium lord
 69408 | Depths:1 | Killed Feorustre the pandemonium lord
 69440 | D:15     | Noticed Badwoak the pandemonium lord
 69450 | D:15     | Killed Badwoak the pandemonium lord
 69765 | D:3      | Gained mutation: You occasionally shout uncontrollably at
                  | your foes. [a neqoxec]
 69837 | D:$      | Escaped with the Orb!

Illustrated notes

Levels and vault maps discovered:
D:1:      orjb1_lava_funnel, layout_basic
D:2:      layout_basic, grunt_ministairs_5, minmay_misc_feat_iff,
          amcnicky_mini_pool_small, hangedman_decor_growths,
          minmay_misc_feat_cross, hangedman_abyss_or_decor_lesser_grid,
          st_stairs_14, chequers_serial_rivers_marsh, kennysheep_generic_room_5,
          uniq_natasha
D:3:      layout_loops_corners, ebering_ecumenical_altar_petrified
D:4:      layout_rooms, uniq_menkaure
D:5:      layout_basic, minmay_temple_entry_proselytizer, serial_shops,
          kennysheep_little_box, uniq_duvessa
D:6:      layout_cave_pools, nicolae_overflow_crystal_walls
D:7:      layout_loops_cross, amcnicky_altar_gilded, serial_shops, shop,
          minmay_tree_intersection, nicolae_kite_square_tiling_tiny
D:8:      layout_loops_corners, mainiacjoe_overflow_boulevard,
          nicolae_gozag_cash_rules_everything_around_me, david_lair_shrubbed,
          enter_bailey_3
D:9:      layout_cave_pools, chequers_temple_overflow_statue_of_worship,
          david_orc_2, uniq_joseph
D:10:     layout_irregular_city, chequers_temple_overflow_minitemple, kb_rosetta
D:11:     layout_roguey, serial_glass, glass_columns_a, glass_columns_b,
          serial_shops, shop, uniq_harold
D:12:     minmay_coctagon, layout_gridville
D:13:     layout_long_grid, serial_park_tiny_2, minmay_lindwurm_lava,
          uniq_maurice, uniq_rupert
D:14:     layout_basic, erik_vaults_2, minmay_misc_feat_encased
D:15:     grunt_enter_depths_snipers, layout_basic, hex_tiny, uniq_jorgrun,
          uniq_josephine
Temple:   hellmonk_temple_divided_pantheon
Lair:1:   layout_gridlike, beast_lair_carwin_10, lemuel_fruit_tree,
          uniq_jeremiah
Lair:2:   layout_misc_corridors, spider_nest_entry_a
Lair:3:   layout_hall_layers, palyth_hydra_swamp_entry,
          portal_ice_cave_demonic_guard, dreamdust_gnoll_shepherd
Lair:4:   layout_loops_ring, gammafunk_ghost_hive, infiniplex_staircase_pool_2
Lair:5:   hellmonk_lair_end_abyssal_woods, layout_gridlike,
          nicolae_slime_entry_slimehenge, pdpol_lair_cabin_in_the_woods,
          grunt_megastairs_1
Swamp:1:  layout_falls_marsh, evilmike_swamp_ruin_house_1
Swamp:2:  layout_basic_swamp, evilmike_swamp_ruin_rubble_1
Swamp:3:  layout_falls_marsh, evilmike_swamp_ruin_house_6, swamp_pool2
Swamp:4:  swamp_fiery, layout_basic_swamp, swamp_pool4
Spider:1: layout_chambers
Spider:2: layout_chambers
Spider:3: layout_spider_delve
Spider:4: grunt_spider_rune_parallel, uniq_arachne
Slime:1:  layout_caves
Slime:2:  cheibrodos_slime_lost_civilization_3, layout_caves
Slime:3:  layout_caves
Slime:4:  layout_caves
Slime:5:  slime_pit_nicolae_jellycorners, uniq_dissolution
Orc:1:    layout_diamond_mine
Orc:2:    pf_orc_diabolical, layout_caves, gauntlet_entry_generic, uniq_erolcha
Elf:1:    elf_arrival_001, layout_gridlike, orc_legates,
          minmay_checkered_concentric_circles
Elf:2:    nicolae_elf_blades_crystal_corner, layout_loops_cross,
          roderic_nine_men_s_morris, uniq_azrael
Elf:3:    minmay_elf_hall_furrowed, layout_loops_cross, serial_shops, shop,
          drop_trap, guppyfry_elf_castle, uniq_roxanne
Vaults:1: v_misc_33, nicolae_vaults_network_quinsquares
          [nicolae_vaults_network_quincunx_subvault,
          nicolae_vaults_network_quincunx_subvault,
          nicolae_vaults_network_quincunx_subvault,
          nicolae_vaults_network_quincunx_subvault],
          nicolae_vaults_closet_pinwheel_2, vaults_dpeg_doors,
          vaults_standard_mumra_x, vaults_room_semicircle, vaults_room_fours,
          vaults_dpeg_ring, nicolae_vaults_heart-shaped_vault,
          layout_vaults_quadrants, serial_shops, nicolae_shop_drivethru
Vaults:2: portal_desolation_entry_garden, hangedman_vaults_snaps,
          hangedman_vaults_stagger, nicolae_vaults_apartment_2,
          layout_vaults_chaotic_city
Vaults:3: gammafunk_ghost_cemetery, grunt_vaults_focal,
          minmay_crypt_entry_necro_gods, nicolae_vaults_trapezoid_lopsided_1,
          ontoclasm_vaults_twist, nicolae_vaults_storage_closets_1,
          grunt_vaults_swirl, v_misc_1, hangedman_vaults_corner_blocks,
          nicolae_vaults_tetromino_T_1, v_misc_8,
          nicolae_vaults_sesquioval_fish, vaults_room_door_ring,
          layout_vaults_ring, serial_shops, shop
Vaults:4: nicolae_vaults_cornered_office, v_pattern_3, vaults_dpeg_diagonal,
          hangedman_vaults_pinch, nicolae_vaults_mitosis,
          nicolae_vaults_triangles, ontoclasm_vaults_ligature,
          nicolae_vaults_closet_pinwheel_2, ontoclasm_vaults_loading_screen,
          vaults_room_pool, layout_vaults_maze_snakey, serial_shops, shop, shop,
          nicolae_shop_tiny_statue_garden, nicolae_shop_rolled_up,
          uniq_bai_suzhen, uniq_boris
Vaults:5: uniq_margery
Crypt:1:  layout_gridlike, nicolae_crypt_small_crypt, grunt_crypt_arrival_webbed
Crypt:2:  layout_chaotic_city, uniq_grunn
Crypt:3:  quadcrypt_mu
Depths:1: layout_gridlike, enter_ziggurat_e, nicolae_figureground_pulse,
          hell_entry, zin_purify
Depths:2: grunt_forest_end_chambers, layout_basic, pan_entry,
          nemelex_diamond_rough_becter, grunt_hell_horde,
          kennysheep_generic_room_15
Depths:3: gammafunk_corrupted_shrine, layout_cave_pools,
          grunt_pan_entry_sceptre, small_statue_intersection, hell_entry,
          abyss_entry, infiniplex_staircase_spiral, minmay_shop_grove,
          serial_bayou_shore_a
Depths:4: grunt_twist_and_shout, layout_cave_pools, abyss_entry,
          pf_hell_entry_tar_spiral, nicolae_shop_clearance
Zot:1:    layout_gridlike, st_stairs_11
Zot:2:    layout_basic, grunt_megastairs_3
Zot:3:    grunt_zot_stairs_faceoff, layout_misc_corridors
Zot:4:    layout_gridlike
Zot:5:    layout_misc_corridors, lemuel_golem_globe

Skill      XL: |  1  2  3  4  5  6  7  8  9 10 11 12 13 14 15 16 17 18 19 20 21 22 23 24 25 26 27 |
---------------+----------------------------------------------------------------------------------+-----
Unarmed Combat | 4 5 6 11 12 13 14 16 19 21 22 25 27 | 27.0
Shapeshifting  | 4 5 6 7 9 11 12 14 15 16 19 20 23 25 26 27 | 27.0
Fighting       | 3 5 10 13 14 15 18 20 22 24 25 27 | 27.0
Dodging        | 4 5 8 10 11 14 | 14.8
Invocations    | 5 9 10 | 10.6
Stealth        | 4 9 10 | 10.0

Action                     |  1- 3 |  4- 6 |  7- 9 | 10-12 | 13-15 | 16-18 | 19-21 | 22-24 | 25-27 || total
---------------------------+-------+-------+-------+-------+-------+-------+-------+-------+-------++-------
  Melee: Unarmed           |    87 |   128 |   372 |   203 |   949 |   945 |  1130 |  1032 |   777 ||  5623
         Tailslap          |     6 |    15 |    50 |       |    32 |   216 |   232 |   195 |   185 ||   931
         Punch             |       |     3 |     2 |       |    17 |    93 |   114 |   146 |   136 ||   511
         Constrict         |       |       |    21 |    50 |   182 |     1 |       |       |       ||   254
         Maw               |       |       |       |       |    38 |   220 |       |       |       ||   258
         Kick              |       |       |       |       |       |       |       |   104 |    69 ||   173
  Throw: Javelin           |       |     2 |       |       |       |       |       |       |       ||     2
         Dart              |       |       |     2 |       |       |       |     5 |       |     6 ||    13
 Invoke: Temporal Distorti |       |       |       |     1 |       |       |     4 |     2 |     6 ||    13
         Slouch            |       |       |       |       |     5 |     3 |    10 |    10 |    15 ||    43
Ability: Blinkbolt         |       |       |       |       |       |       |       |     7 |       ||     7
         Siphon Essence    |       |       |       |       |       |       |       |     6 |     3 ||     9
  Evoke: Wand              |       |    20 |     8 |       |    11 |       |     9 |       |     9 ||    57
         Tin of tremorston |       |       |       |       |       |       |     2 |       |       ||     2
    Use: Potion            |     1 |     3 |     5 |     3 |     2 |     2 |     1 |     4 |    11 ||    32
         Scroll            |       |     9 |     4 |     4 |    13 |     3 |     2 |     4 |     9 ||    48
   Stab: Sleeping          |     2 |     3 |       |     4 |    28 |    27 |    42 |    20 |     7 ||   133
         Distracted        |       |       |       |       |     3 |     5 |    10 |     2 |     3 ||    23
         Invisible         |       |       |       |       |       |     1 |       |       |       ||     1
         Confused          |       |       |       |       |       |     1 |       |       |     2 ||     3
         Paralysed         |       |       |       |       |       |       |     2 |       |       ||     2
 Armour: Skin              |    15 |    42 |   149 |    49 |   205 |   272 |   585 |   515 |   567 ||  2399
  Dodge: Dodged            |    31 |    65 |   244 |   147 |   851 |  1509 |  2360 |  1756 |  1409 ||  8372
         Repelled          |       |       |       |       |       |    14 |     3 |       |       ||    17
   Form: Flux              |       |       |     1 |       |       |       |       |       |       ||     1
         Anaconda          |       |       |     1 |       |       |     2 |       |       |       ||     3
         Maw               |       |       |       |       |     1 |     2 |       |       |       ||     3
         Statue            |       |       |       |       |       |     1 |       |       |     1 ||     2
         Death             |       |       |       |       |       |       |       |     2 |       ||     2
         Storm             |       |       |       |       |       |       |       |     2 |       ||     2

Table legend: (Time is in decaauts)
 A = Elapsed time spent in this place.
 B = Non-inter-level travel time spent in this place.
 C = Inter-level travel time spent in this place.
 D = Time resting spent in this place.
 E = Time spent auto-exploring this place.
 F = Levels seen in this place.
 G = Mean time per level.
                   A        B        C        D        E       F      G
               +--------+--------+--------+--------+--------+-----+--------+
         Total | 130730 | 116251 |  14479 |  20189 |  69994 |  61 | 2143.1 |
       Dungeon |  26618 |  21129 |   5489 |   4002 |  13303 |  15 | 1774.5 |
        Temple |     24 |     24 |      0 |      0 |      0 |   1 |   24.0 |
          Lair |  12208 |  10193 |   2015 |   2239 |   6231 |   5 | 2441.6 |
         Swamp |   4425 |   3988 |    437 |    492 |   2548 |   4 | 1106.2 |
   Spider Nest |  11587 |  10922 |    665 |    529 |   8368 |   4 | 2896.8 |
    Slime Pits |   7101 |   6206 |    895 |    882 |   3834 |   5 | 1420.2 |
  Orcish Mines |   2999 |   2470 |    529 |    322 |   1582 |   2 | 1499.5 |
   Elven Halls |   9209 |   8701 |    508 |   1043 |   4932 |   3 | 3069.7 |
        Vaults |  20720 |  18755 |   1965 |   4307 |  11895 |   5 | 4144.0 |
         Crypt |   8382 |   7880 |    502 |    991 |   4453 |   3 | 2794.0 |
        Depths |  10085 |   8987 |   1098 |   1557 |   5642 |   4 | 2521.2 |
           Zot |  11379 |  11006 |    373 |   1991 |   6399 |   5 | 2275.8 |
         Abyss |    476 |    476 |      0 |      0 |      0 |   1 |  476.0 |
        Bailey |    670 |    670 |      0 |    204 |     30 |   1 |  670.0 |
      Ice Cave |   1994 |   1994 |      0 |   1032 |      0 |   1 | 1994.0 |
    Desolation |   2168 |   2168 |      0 |    439 |    486 |   1 | 2168.0 |
      Gauntlet |    677 |    677 |      0 |    155 |    286 |   1 |  677.0 |
               +--------+--------+--------+--------+--------+-----+--------+

Top non-repeatable levels by time:
Vaults:4: 6518 daAuts
Vaults:1: 4264 daAuts
 Crypt:3: 3926 daAuts
Vaults:5: 3831 daAuts
Depths:2: 3757 daAuts
   Elf:3: 3708 daAuts
Spider:1: 3376 daAuts
Vaults:3: 3326 daAuts
Spider:2: 3266 daAuts
   Elf:1: 3131 daAuts
    D:13: 2978 daAuts
     D:8: 2870 daAuts
Vaults:2: 2779 daAuts
   Zot:4: 2680 daAuts
  Lair:3: 2678 daAuts
